 Dungeon Sprint DCSS version 0.28-a0-1429-gf3d713df7a (webtiles) character file.

Game seed: 3215893483970245520

28696 mhtbhm the Axe Maniac (level 13, -7/222 HPs)
             Began as a Minotaur Berserker on Jan 8, 2022.
             Was the Champion of Trog.
             Killed by vampiric draining
             ... invoked by a vampire knight
              (12 damage)
             ... in the Dungeon (Sprint VII: "The Pits").
             The game lasted 00:07:20 (4173 turns).

mhtbhm the Axe Maniac (Minotaur Berserker)          Turns: 4173, Time: 00:07:21

Health: -7/222     AC: 18    Str: 28    XL:     13   Next: 11%
Magic:  12/12      EV: 14    Int: 13    God:    Trog [******]
Gold:   53         SH:  0    Dex: 12    Spells: 12/12 levels left

rFire   . . .      SeeInvis +   a - +2 executioner's axe (vorpal)
rCold   x . .      Faith    .   (shield currently unavailable)
rNeg    . . .      Spirit   .   b - +0 swamp dragon scales
rPois   +          Reflect  .   (helmet restricted)
rElec   .          Harm     .   o - +1 cloak
rCorr   .          Rampage  .   w - +0 pair of gloves
Will    +....      NoTele   +   n - +0 pair of boots
Stlth   ..........              l - amulet of Eternal Harmony {Acrobat Contam rC- Int+9 SInv}
HPRegen 0.47/turn               y - ring of willpower
MPRegen 0.13/turn               k - +3 ring of strength

@: berserking (expiring), very quick
A: horns 2, retaliatory headbutt
a: Renounce Religion, Berserk, Trog's Hand, Brothers in Arms


You were in the Dungeon.
You worshipped Trog.
Trog was exalted by your worship.
You visited 1 branch You collected 53 gold pieces.

Inventory:

Hand Weapons
 a - a +2 vorpal executioner's axe (weapon)
 A - the +8 battleaxe "Yfusiqir" {flame, rElec rF++ Str-3 Dex+3}
   (Trog gifted it to you in the Dungeon)

   It burns those it strikes, dealing additional fire damage.
   Big, fiery blades are also staple armaments of hydra-hunters.
   Str:       It affects your strength (-3).
   Dex:       It affects your dexterity (+3).
   rF:        It greatly protects you from fire.
   rElec:     It insulates you from electricity.
Armour
 b - +0 swamp dragon scales (worn)
 n - a +0 pair of boots (worn)
 o - a +1 cloak (worn)
 w - a +0 pair of gloves (worn)
Jewellery
 k - a +3 ring of strength (right hand)
 l - the amulet of Eternal Harmony (around neck) {Acrobat Contam rC- Int+9 SInv}
   (You found it in the Dungeon)

   [amulet of the acrobat]

   It increases your evasion while moving and waiting.
   Int:       It affects your intelligence (+9).
   rC:        It makes you vulnerable to cold.
   SInv:      It lets you see invisible.
   Contam:    It causes magical contamination when unequipped.
 v - a ring of protection from cold
 y - a ring of willpower (left hand)
 B - the ring of the Ladybird {Dex+5 SInv}
   (You found it in the Dungeon)

   [ring of see invisible]

   Dex:       It affects your dexterity (+5).
   SInv:      It lets you see invisible.
Wands
 p - a wand of mindburst (5)
 u - a wand of flame (18)
Scrolls
 h - 6 scrolls of blinking
 j - a scroll of summoning
 q - 2 scrolls of identify
 r - 2 scrolls of enchant weapon
 s - 4 scrolls of enchant armour
 t - a scroll of fog
Potions
 c - 5 potions of curing
 d - 16 potions of heal wounds
 e - 2 potions of haste
 f - 4 potions of magic
 g - 4 potions of berserk rage
 i - 2 potions of invisibility
 m - 4 potions of might
 x - 2 potions of resistance
Miscellaneous
 z - a lightning rod (4/4)


   Skills:
 + Level 23.3 Fighting
 O Level 27 Axes
 + Level 17.3 Armour
 + Level 8.1 Dodging
 + Level 5.4 Stealth


You had 12 spell levels left.
You didn't know any spells.
Your spell library was empty.

Dungeon Overview and Level Annotations

Branches:
Dungeon (1/1)

Altars:
Gozag
Hepliaklqana
Sif Muna
Trog
Jiyva


Innate Abilities, Weirdness & Mutations

You have a pair of horns on your head.
You reflexively headbutt those who attack you in melee.


Message History

You are covered in liquid flames!
* * * LOW HITPOINT WARNING * * *
You hear an angry buzzing noise.
A blink frog comes into view.
A wolf comes into view.
The blink frog hits you!
* * * LOW HITPOINT WARNING * * *
The blink frog blinks!
The blink frog moves out of view.
You hear a howl!
You slice the vampire knight!!
The vampire knight is moderately damaged.
You are covered in liquid flames!
* * * LOW HITPOINT WARNING * * *
The vampire knight barely misses you. The vampire knight closely misses you.
Unknown command.
You hit the vampire knight. You headbutt the vampire knight!!
The vampire knight is severely damaged.
You are covered in liquid flames!
* * * LOW HITPOINT WARNING * * *
The vampire knight hits you with a +0 broad axe.
* * * LOW HITPOINT WARNING * * *
The vampire knight bites you.
* * * LOW HITPOINT WARNING * * *
The vampire knight draws strength from your injuries!
You hit the vampire knight but do no damage.
You headbutt the vampire knight!
The vampire knight is severely damaged.
You slash the blink frog!
You kill the blink frog!
Trog accepts your kill. Trog grants you a weapon!
Something appears at your feet!
You see here a +3 double sword of flaming.
You are covered in liquid flames!
* * * LOW HITPOINT WARNING * * *
You slash the vampire knight!
The vampire knight is almost destroyed.
You are covered in liquid flames!
* * * LOW HITPOINT WARNING * * *
The vampire knight draws life force from you!
You die...

#.... #.... +..#. +....
#....
#######################..#.
#...........)........''....
#........)...........''....
#..#######@########..##..#.
# #ยง#V# #..##.... #.# #h#
#..##.... #:# #m# #..####''
#.# #t# #..####'[ #.# #.#
#..##...)
###############..##.#)#
######
.................##.#.)
___.#
.................##.').


You could see an alligator snapping turtle, a merfolk avatar, a vampire knight
(fast) and a wolf.

Vanquished Creatures
  A deep elf master archer (D)
  A nagaraja (D)
  A frost giant (D)
  A deep elf annihilator (D)
  A vampire knight (D)
  An eidolon (D)
  2 green deaths (D)
  A great orb of eyes (D)
  2 hydras (D)
  A catoblepas (D)
  A boulder beetle (D)
  A death yak (D)
  A vampire mage (D)
  A shadow wraith (D)
  2 spriggan druids (D)
  A sea snake (D)
  A flayed ghost (D)
  A cherub (D)
  A deep elf pyromancer (D)
  2 lindwurms (D)
  An orc knight (D)
  A deep elf zephyrmancer (D)
  An elephant (D)
  Maurice (D)
  A black mamba (D)
  A smoke demon (D)
  A cane toad (D)
  2 eyes of devastation (D)
  An orange demon (D)
  2 demonic crawlers (D)
  A freezing wraith (D)
  A guardian mummy (D)
  2 red devils (D)
  A tyrant leech (D)
  13 dream sheep (D)
  2 blink frogs (D)
  An air elemental (D)
  A ynoxinul (D)
  A spriggan (D)
  3 vampire mosquitoes (D)
  A warg (D)
  A chaos spawn (D)
  An acid dragon (D)
  A floating eye (D)
  An ice beast (D)
  An orc warrior (D)
  4 necrophages (D)
  A swamp drake (D)
  A centaur (D)
  An ogre (D)
  A wolf (D)
  2 bullfrogs (D)
  A gnoll sergeant (D)
  A scorpion (D)
  A crimson imp (D)
  2 orc priests (D)
  Crazy Yiuf (D)
  2 iguanas (D)
  A mummy (D)
  5 gnolls (D)
  2 river rats (D)
  An adder zombie (D)
  A worm (D)
  An adder simulacrum (D)
  8 orcs (D)
  2 bat zombies (D)
  An endoplasm (D)
  A hobgoblin (D)
  5 jackals (D)
  A kobold (D)
  A quokka (D)
  2 ball pythons (D)
  A ball python zombie (D)
  A giant cockroach zombie (D)
  A rat (D)
121 creatures vanquished.

Vanquished Creatures (collateral kills)
  A ghost moth (D)
  A yaktaur captain (D)
  An alligator snapping turtle (D)
  A spriggan druid (D)
  A swamp dragon (D)
  A moth of wrath (D)
  A redback (D)
  Grum (D)
8 creatures vanquished.

Vanquished Creatures (others)
  A blink frog (D)
  An orc (D)
2 creatures vanquished.

Grand Total: 131 creatures vanquished

Notes
Turn   | Place    | Note
-------+----------+-------------------------------------------
     0 | D        | mhtbhm the Minotaur Berserker began the quest for the Orb.
     0 | D        | Reached XP level 1. HP: 19/19 MP: 0/0
    19 | D        | Reached skill level 4 in Axes
    60 | D        | Reached ** piety under Trog
    67 | D        | Noticed a floating eye
    70 | D        | Paralysed by a floating eye for 4 turns
    74 | D        | Killed a floating eye
    75 | D        | Reached skill level 8 in Axes
    75 | D        | Reached XP level 2. HP: 34/34 MP: 1/1
    75 | D        | Reached XP level 3. HP: 39/39 MP: 2/2
    75 | D        | Reached XP level 4. HP: 47/47 MP: 3/3
    78 | D        | Reached *** piety under Trog
   103 | D        | Reached **** piety under Trog
   253 | D        | Found a bloodstained altar of Trog.
   253 | D        | Found a shimmering blue altar of Sif Muna.
   253 | D        | Found a viscous altar of Jiyva.
   253 | D        | Found a hazy altar of Hepliaklqana.
   253 | D        | Found an opulent altar of Gozag.
   275 | D        | Noticed a bullfrog
   275 | D        | Noticed a bullfrog
   276 | D        | Noticed a warg
   276 | D        | Noticed a gnoll sergeant
   283 | D        | Reached XP level 5. HP: 43/53 MP: 4/4
   288 | D        | Reached skill level 9 in Axes
   289 | D        | Reached skill level 10 in Axes
   301 | D        | Killed a warg
   301 | D        | Reached ***** piety under Trog
   302 | D        | Reached skill level 11 in Axes
   302 | D        | Reached skill level 5 in Armour
   302 | D        | Reached skill level 5 in Dodging
   302 | D        | Reached XP level 6. HP: 27/66 MP: 5/5
   304 | D        | Received a gift from Trog
   305 | D        | Reached skill level 10 in Fighting
   305 | D        | Reached skill level 12 in Axes
   319 | D        | Reached XP level 7. HP: 26/73 MP: 6/6
   533 | D        | Noticed a spriggan druid
   546 | D        | Killed a spriggan druid
   547 | D        | Reached skill level 14 in Axes
   547 | D        | Reached XP level 8. HP: 16/83 MP: 2/7
   865 | D        | Received a gift from Trog
   866 | D        | Reached skill level 15 in Axes
   984 | D        | Noticed a cane toad
   989 | D        | Killed a cane toad
   990 | D        | Reached skill level 16 in Axes
  1194 | D        | Noticed an orc knight
  1200 | D        | Received a gift from Trog
  1211 | D        | Killed an orc knight
  1212 | D        | Reached skill level 17 in Axes
  1212 | D        | Reached XP level 9. HP: 31/93 MP: 2/8
  1220 | D        | Reached skill level 10 in Armour
  1220 | D        | Reached skill level 1 in Stealth
  1543 | D        | Noticed a flayed ghost
  1543 | D        | Noticed an eye of devastation
  1543 | D        | Noticed a sea snake
  1547 | D        | Killed a sea snake
  1548 | D        | Reached skill level 18 in Axes
  1552 | D        | Killed an eye of devastation
  1556 | D        | Killed a flayed ghost
  1742 | D        | Paralysed by an air elemental for 1 turns
  1746 | D        | Paralysed by an air elemental for 1 turns
  1747 | D        | Reached ****** piety under Trog
  1747 | D        | Received a gift from Trog
  1752 | D        | Reached skill level 19 in Axes
  1906 | D        | Noticed an eight-headed hydra
  1912 | D        | Killed a ten-headed hydra
  1913 | D        | Reached skill level 15 in Fighting
  1913 | D        | Reached XP level 10. HP: 102/105 MP: 9/9
  2048 | D        | Noticed a death yak
  2048 | D        | Noticed a deep elf annihilator
  2057 | D        | Killed a death yak
  2057 | D        | Received a gift from Trog
  2058 | D        | Reached skill level 20 in Axes
  2060 | D        | Killed a deep elf annihilator
  2063 | D        | Received a gift from Trog
  2064 | D        | Reached skill level 21 in Axes
  2326 | D        | Noticed an elephant
  2326 | D        | Noticed a deep elf zephyrmancer
  2332 | D        | Killed a deep elf zephyrmancer
  2333 | D        | Reached XP level 11. HP: 90/116 MP: 10/10
  2458 | D        | Noticed a catoblepas
  2458 | D        | Noticed Crazy Yiuf
  2464 | D        | Reached skill level 22 in Axes
  2464 | D        | Killed Crazy Yiuf
  2464 | D        | Received a gift from Trog
  2478 | D        | Killed a catoblepas
  2551 | D        | Noticed a lindwurm
  2560 | D        | Killed a lindwurm
  2716 | D        | Noticed a boulder beetle
  2719 | D        | Noticed Maurice
  2725 | D        | Killed a boulder beetle
  2725 | D        | Received a gift from Trog
  2726 | D        | Reached skill level 23 in Axes
  2729 | D        | Killed Maurice
  2730 | D        | Reached skill level 15 in Armour
  3222 | D        | Noticed a lindwurm
  3231 | D        | Received a gift from Trog
  3239 | D        | Reached skill level 5 in Stealth
  3239 | D        | Killed a lindwurm
  3239 | D        | Received a gift from Trog
  3240 | D        | Reached skill level 24 in Axes
  3247 | D        | Received a gift from Trog
  3249 | D        | Received a gift from Trog
  3624 | D        | Noticed a vampire mage
  3624 | D        | Noticed a great orb of eyes
  3624 | D        | Noticed a deep elf master archer
  3624 | D        | Noticed a cherub
  3624 | D        | Noticed a frost giant
  3624 | D        | Noticed a spriggan druid
  3627 | D        | Killed a vampire mage
  3628 | D        | Reached XP level 12. HP: 130/130 MP: 11/11
  3629 | D        | Killed a great orb of eyes
  3639 | D        | Killed a deep elf master archer
  3640 | D        | Reached skill level 25 in Axes
  3644 | D        | Identified the +8 battleaxe "Yfusiqir" {flame, rElec rF++
                  | Str-3 Dex+3} (Trog gifted it to you in the Dungeon)
  3644 | D        | Received a gift from Trog
  3646 | D        | Killed a frost giant
  3656 | D        | Killed a ghost moth
  3658 | D        | Reached skill level 26 in Axes
  3663 | D        | Received a gift from Trog
  3738 | D        | Got the amulet of Eternal Harmony {Acrobat Contam rC- Int+9
                  | SInv}
  3762 | D        | Got the ring of the Ladybird {Dex+5 SInv}
  4081 | D        | Noticed an alligator snapping turtle
  4081 | D        | Noticed a yaktaur captain
  4081 | D        | Noticed a green death
  4096 | D        | Noticed a six-headed hydra
  4103 | D        | Killed a three-headed hydra
  4112 | D        | Noticed Grum
  4113 | D        | Noticed a vampire knight
  4117 | D        | Noticed a vampire knight
  4117 | D        | Noticed an eidolon
  4118 | D        | Killed an alligator snapping turtle
  4119 | D        | Killed Grum
  4120 | D        | Noticed a green death
  4123 | D        | Killed a yaktaur captain
  4124 | D        | Received a gift from Trog
  4129 | D        | Killed an eidolon
  4131 | D        | Killed a green death
  4134 | D        | Reached skill level 27 in Axes
  4135 | D        | Noticed an alligator snapping turtle
  4154 | D        | Noticed a nagaraja
  4161 | D        | Killed a nagaraja
  4163 | D        | Killed a green death
  4163 | D        | Killed a vampire knight
  4164 | D        | Reached XP level 13. HP: 51/147 MP: 12/12
  4171 | D        | HP: 11/222 [vampire knight (1)]
  4172 | D        | Received a gift from Trog
  4173 | D        | HP: 5/222 [burnt (2)]
  4173 | D        | Killed from afar by a vampire knight

Illustrated notes

Levels and vault maps discovered:
D:        pitsprint [storerooms_1, entrance_room_1, metal_vault_3, armoury_1,
          mini_pit_1, grid_room_1, main_hall_1, silver_pit, the_coven_1,
          the_vestibule_1, steel_vault_3, golden_pit, hallway_of_sentries,
          crystal_vault_2, iron_vault_4, final_vault]

Skill      XL: |  1  2  3  4  5  6  7  8  9 10 11 12 13 |
---------------+----------------------------------------+-----
Fighting       | 7 8 9 10 12 13 15 16 19 22 23 | 23.3
Axes           | 8 11 12 14 17 19 21 24 27 | 27.0
Armour         | 4 5 6 7 9 12 14 15 17 | 17.3
Dodging        | 4 5 6 7 8 |  8.1
Stealth        | 2 5 |  5.4

Action                   |  1- 3 |  4- 6 |  7- 9 | 10-12 | 13-15 || total
-------------------------+-------+-------+-------+-------+-------++-------
Melee: Hand axe          |    14 |    44 |       |       |       ||    58
       Headbutt          |     3 |     9 |    11 |    27 |     4 ||    54
       Broad axe         |       |       |    25 |       |       ||    25
       Battleaxe         |       |       |    29 |     3 |       ||    32
       Executioner's axe |       |       |    21 |   146 |     9 ||   176
Invok: Berserk           |       |       |     4 |     4 |       ||     8
       Brothers in Arms  |       |       |       |     3 |       ||     3
  Use: Potion            |       |     1 |     1 |     2 |       ||     4
 Stab: Confused          |       |       |     1 |       |       ||     1
       Petrified         |       |       |       |     6 |       ||     6
Armor: Animal skin       |     1 |       |       |       |       ||     1
       Chain mail        |       |    16 |    27 |    70 |       ||   113
       Swamp dragon scal |       |       |       |     6 |     2 ||     8
Dodge: Dodged            |     8 |    20 |    26 |    83 |     4 ||   141

Table legend: (Time is in decaauts)
 A = Elapsed time spent in this place.
 B = Non-inter-level travel time spent in this place.
 C = Inter-level travel time spent in this place.
 D = Time resting spent in this place.
 E = Time spent auto-exploring this place.
 F = Levels seen in this place.
 G = Mean time per level.
                   A        B        C        D        E       F      G
               +--------+--------+--------+--------+--------+-----+--------+
         Total |   4157 |   4157 |      0 |   2835 |    115 |   1 | 4157.0 |
       Dungeon |   4157 |   4157 |      0 |   2835 |    115 |   1 | 4157.0 |
               +--------+--------+--------+--------+--------+-----+--------+

Top non-repeatable levels by time:
       D: 4157 daAuts
